 Dungeon Crawl Stone Soup version 0.29.1-4-g47bece8355 (webtiles) character file.

Game seed: 14867912667540818810

4624 fantasyman the Spear-Bearer (level 10, -7/83 HPs)
             Began as a Demigod Fighter on Dec 9, 2022.
             Mangled by a six-headed hydra (11 damage)
             ... on level 8 of the Dungeon.
             The game lasted 00:11:05 (7558 turns).

fantasyman the Spear-Bearer (Demigod Fighter)       Turns: 7558, Time: 00:11:07

Health: -7/83      AC: 16    Str: 29    XL:     10   Next: 0%
Magic:  13/13      EV:  8    Int: 10    God:
Gold:   545        SH:  6    Dex: 19    Spells: 9/9 levels left

rFire   . . .      SeeInvis .   r - +8 trident of the Octopus King {venom, rElec rPois}
rCold   . . .      Faith    .   c - +0 buckler
rNeg    + . .      Spirit   .   x - +0 storm dragon scales
rPois   +          Reflect  .   (no helmet)
rElec   +          Harm     .   (no cloak)
rCorr   .          Rampage  .   b - +0 pair of gloves
Will    +....                   f - +0 pair of boots
Stlth   ..........              (no amulet)
HPRegen 0.23/turn               u - +6 ring of dexterity
MPRegen 0.13/turn               e - ring of positive energy

@: no status effects
A: high MP 1, forlorn, divine attributes
a: no special abilities


You were on level 8 of the Dungeon.
You visited 1 branch of the dungeon, and saw 8 of its levels.

You collected 545 gold pieces.

Inventory:

Hand Weapons
 a - a +0 war axe of protection
 r - the +8 trident of the Octopus King (weapon) {venom, rElec rPois}
   (You found it on level 3 of the Dungeon)

   It poisons the flesh of those it strikes.
   rElec:     It insulates you from electricity.
   rPois:     It protects you from poison.
Armour
 b - a +0 pair of gloves (worn)
 c - a +0 buckler (worn)
 f - a +0 pair of boots (worn)
 x - +0 storm dragon scales (worn)
Jewellery
 e - a ring of positive energy (right hand)
 n - a ring of willpower
 u - a +6 ring of dexterity (left hand)
 E - a ring of protection from cold
Wands
 y - a wand of acid (27)
 D - a wand of charming (12)
 F - a wand of flame (28)
Scrolls
 g - 2 scrolls of enchant armour
 j - a scroll of butterflies
 l - 6 scrolls of teleportation
 o - 3 scrolls of identify
 q - a scroll of vulnerability
 z - a scroll of blinking {unknown}
 C - 2 scrolls of enchant weapon {unknown}
Potions
 d - 3 potions of might
 h - a potion of berserk rage
 i - 2 potions of heal wounds
 k - a potion of cancellation {unknown}
 m - a potion of flight {unknown}
 p - 4 potions of curing {unknown}
 s - 2 potions of resistance {unknown}
 t - 2 potions of attraction {unknown}
 v - a potion of degeneration {unknown}
 w - a potion of brilliance {unknown}
 A - a potion of haste {unknown}
 B - a potion of magic {unknown}


   Skills:
 + Level 6.2 Fighting
 - Level 2.8(6.3) Axes
 + Level 9.0(9.2) Polearms
 + Level 7.6 Armour
 + Level 5.2 Shields


You had 9 spell levels left.
You didn't know any spells.
Your spell library contained the following spells:

 Spells                   Type           Power      Damage    Failure   Level
 Sting                    Tmut/Pois      0%         1d3       91%         1
 Poisonous Vapours        Pois/Air       0%         N/A       97%         2
 Olgreb's Toxic Radiance  Pois           0%         N/A       100%        4
 Alistair's Intoxication  Tmut/Pois      0%         N/A       100%        5
 Borgnjor's Vile Clutch   Necr/Erth      0%         N/A       100%        5
 Eringya's Noxious Bog    Tmut/Pois      0%         N/A       100%        6


Dungeon Overview and Level Annotations

Branches:
Dungeon (8/15)             Temple (0/1) D:5
   Lair: D:8-11

Shops:
D:4 =

Annotations:
D:6 2 runed translucent doors, mkat's ghost, novice HuBr


Innate Abilities, Weirdness & Mutations

You have an increased reservoir of magic. (+10% MP)
You shall have no god before yourself.
Your divine heritage dramatically boosts your attributes as you level up.


Message History

A troll and a six-headed hydra come into view.
The six-headed hydra roars!
Found a book of Fire and 2 potions of heal wounds.
There are monsters nearby!
You reach to attack!
You hit the six-headed hydra.
The six-headed hydra is lightly wounded.
There are monsters nearby!
You hit the six-headed hydra.
The six-headed hydra is lightly wounded.
The six-headed hydra bites you. x2
You block the six-headed hydra's attack. x2
The six-headed hydra completely misses you.
The six-headed hydra bites you!
You puncture the six-headed hydra!
The six-headed hydra is poisoned.
The six-headed hydra is moderately wounded.
You block the six-headed hydra's attack.
The six-headed hydra bites you but does no damage.
The six-headed hydra barely misses you.
You block the six-headed hydra's attack.
The six-headed hydra barely misses you.
The six-headed hydra closely misses you.
The troll bites you! The troll claws you.
The troll claws you but does no damage.
You puncture the six-headed hydra!
The six-headed hydra is moderately wounded.
The six-headed hydra bites you. x2; The six-headed hydra bites you! x2
The six-headed hydra bites you but does no damage.
The six-headed hydra bites you. The troll bites you.
The troll barely misses you. The troll claws you but does no damage.
You are too injured to fight recklessly!
Unknown command.
There is a stone staircase leading up here.
The six-headed hydra attacks as you move away!
The six-headed hydra bites you!
* * * LOW HITPOINT WARNING * * *
The six-headed hydra bites you!
* * * LOW HITPOINT WARNING * * *
The six-headed hydra bites you but does no damage.
The six-headed hydra bites you!
You die...

##........#.†.##
####........##....#
#......#....#..#<..
#.............##..#
#...........####...
###..............#.). #
.............#...... #.
##......†...........
...##.#@D.........##....
.....P.#.T.....#####....
.......###..#### ....#
........T...# .....#
:#^...#.....# #...#.#
##..##...### .......
#!.. #...# ....... #..♣
##..# #. #..#


You could see a six-headed hydra (poisoned) and a troll.

Vanquished Creatures
  Maggie (D:7)
  Prince Ribbit (D:8)
  2 hornets
  A wyvern (D:4)
  2 steam dragons
  A water moccasin (D:6)
  Duvessa (D:6)
  2 black bears
  3 orc warriors
  3 ice beasts
  3 ogres
  A phantom (D:6)
  2 necrophages
  A kobold brigand (D:6)
  2 bullfrogs
  4 scorpions
  3 wights (D:5)
  Dowan (D:6)
  6 killer bees (D:7)
  2 howler monkeys
  2 hounds
  A jelly (D:5)
  A gnoll bouda (D:6)
  6 orc priests
  9 iguanas
  6 orc wizards
  9 gnolls
  6 adders
  3 white imps
  2 ufetubi
  A worm (D:4)
  9 dart slugs (D:3)
  23 orcs
  10 endoplasms
  2 giant cockroaches
  7 goblins
  5 hobgoblins
  3 quokkas
  6 ball pythons
  5 bats
  5 frilled lizards
  13 kobolds
  4 rats
180 creatures vanquished.

Vanquished Creatures (others)
  19 plants
19 creatures vanquished.

Grand Total: 199 creatures vanquished

Notes
Turn   | Place    | Note
-------+----------+-------------------------------------------
     0 | D:1      | fantasyman the Demigod Fighter began the quest for the Orb.
     0 | D:1      | Reached XP level 1. HP: 18/18 MP: 3/3
   222 | D:1      | You fall into a shaft and drop 1 floor!
   241 | D:2      | Reached XP level 2. HP: 12/25 MP: 4/4
  1012 | D:2      | Reached XP level 3. HP: 30/30 MP: 5/5
  1846 | D:3      | Found the +8 trident of the Octopus King {venom, rElec
                  | rPois}
  2681 | D:3      | Reached XP level 4. HP: 27/38 MP: 6/6
  3464 | D:4      | Reached XP level 5. HP: 44/45 MP: 7/7
  3474 | D:4      | Noticed a wyvern
  3480 | D:4      | Killed a wyvern
  3481 | D:4      | Reached skill level 1 in Polearms
  3487 | D:4      | Noticed a black bear
  3492 | D:4      | Killed a black bear
  3493 | D:4      | Reached skill level 2 in Polearms
  3493 | D:4      | Reached XP level 6. HP: 51/51 MP: 8/8
  3578 | D:4      | Reached skill level 5 in Armour
  3601 | D:4      | Found Liowoegol's Jewellery Shop.
  3733 | D:4      | Reached skill level 3 in Polearms
  3733 | D:4      | Reached XP level 7. HP: 58/58 MP: 9/9
  4057 | D:5      | Entered Level 5 of the Dungeon
  4233 | D:5      | Reached skill level 4 in Polearms
  4654 | D:5      | Reached skill level 5 in Polearms
  4739 | D:5      | Reached XP level 8. HP: 52/66 MP: 10/10
  4890 | D:5      | Found a staircase to the Ecumenical Temple.
  5265 | D:6      | Found a large runed translucent door.
  5265 | D:6      | Found a large runed translucent door.
  5267 | D:6      | Reached skill level 6 in Polearms
  5552 | D:6      | Noticed mkat's ghost (novice HuBr)
  5567 | D:6      | Reached skill level 5 in Fighting
  5916 | D:6      | Noticed Duvessa
  5916 | D:6      | Noticed Dowan
  5921 | D:6      | Killed Duvessa
  5929 | D:6      | Killed Dowan
  5954 | D:6      | Reached skill level 7 in Polearms
  5954 | D:6      | Reached XP level 9. HP: 55/74 MP: 11/11
  6881 | D:7      | Reached skill level 5 in Shields
  6924 | D:7      | Noticed Maggie
  6936 | D:7      | Killed Maggie
  6937 | D:7      | Reached skill level 8 in Polearms
  7414 | D:8      | Noticed Prince Ribbit
  7423 | D:8      | Killed Prince Ribbit
  7541 | D:8      | Reached skill level 9 in Polearms
  7541 | D:8      | Reached XP level 10. HP: 83/83 MP: 13/13
  7546 | D:8      | Noticed a six-headed hydra
  7558 | D:8      | HP: 4/83 [six-headed hydra (13)]
  7558 | D:8      | Mangled by a six-headed hydra

Illustrated notes

Levels and vault maps discovered:
D:1:      arrival_zaba_pyramid, layout_loops_ring, minivault_14,
          nrook_mini_backslash
D:2:      layout_rooms, hellmonk_ecumenical_altar_prayer_group,
          minmay_hexomino_f4
D:3:      kennysheep_slugbush, layout_rooms, nicolae_hepliaklqana_hippocampus,
          mainiacjoe_overflow_tiny_flanked, grunt_decor_cap,
          serial_bayou_lagoon_b
D:4:      layout_cave_pools, mainiacjoe_overflow_chevrons, serial_shops,
          shop_coins, st_stairs_10
D:5:      layout_loops_ring, minmay_temple_entry_glassed_door, serial_bayou,
          serial_bayou_pond_c, serial_bayou_shore_b, serial_bayou_pond_e,
          serial_bayou_pond_b
D:6:      nicolae_cairo_tiling_large, layout_cave_pools, lemuel_crystal_altar,
          ebering_ghost_disaster_area, kennysheep_generic_room_6, uniq_duvessa
D:7:      layout_basic, serial_park_tiny_2, uniq_maggie
D:8:      layout_rooms, kennysheep_mini_moat, nicolae_overflow_crystal_walls,
          hellmonk_guarded_unrand_vines, uniq_prince_ribbit1

Skill      XL: |  1  2  3  4  5  6  7  8  9 |
---------------+----------------------------+-----
Axes           | 2 |  2.8
Armour         | 3 4 5 6 7 |  7.6
Shields        | 3 4 5 |  5.2
Fighting       | 3 4 5 6 |  6.2
Polearms       | 2 3 5 7 9 |  9.0

Action                   |  1- 3 |  4- 6 |  7- 9 | 10-12 || total
-------------------------+-------+-------+-------+-------++-------
Melee: War axe           |   123 |       |       |       ||   123
       Trident           |    17 |    64 |   257 |     4 ||   342
  Use: Scroll            |       |     8 |       |       ||     8
       Potion            |       |       |     2 |       ||     2
Armor: Scale mail        |    70 |     1 |       |       ||    71
       Storm dragon scal |       |    10 |    91 |     5 ||   106
Dodge: Dodged            |    66 |    12 |    71 |     5 ||   154
Block: Buckler           |    38 |    11 |    59 |     4 ||   112
